 Seeded DCSS version 0.30.1-11-g7821555f0a (webtiles) character file.

Game seed: 8617203140785432855 (custom seed)

4 Psyclone the Conjurer (level 1, 9/9 HPs)
             Began as a Deep Elf Conjurer on Nov 2, 2023.
             Quit the game on level 1 of the Dungeon.
             The game lasted 00:00:19 (41 turns).

Psyclone the Conjurer (Deep Elf Conjurer)             Turns: 41, Time: 00:00:20

Health: 9/9        AC:  2    Str:  4    XL:     1   Next: 50%
Magic:  6/6        EV: 12    Int: 22    God:
Gold:   0          SH:  0    Dex: 13    Spells: 5/6 levels left

rFire   x . .        (no weapon)
rCold   . . .        (no shield)
rNeg    . . .        a - +0 robe
rPois   .            (no helmet)
rElec   .            (no cloak)
rCorr   .            (no gloves)
SInv    .            (no boots)
Will    .....        (no amulet)
Stlth   ++           (no ring)
HPRegen 1.01/turn    (no ring)
MPRegen 0.10/turn

%: no passive effects
@: no status effects
A: frail 1, regeneration 1, heat vulnerability 1
a: no special abilities


You were on level 1 of the Dungeon.
You visited 1 branch of the dungeon, and saw 1 of its levels.

Inventory:

Armour
 a - a +0 robe (worn)
Potions
 b - a potion of magic


   Skills:
 - Level 2.4 Dodging
 - Level 2.4 Stealth
 - Level 3.0 Spellcasting
 + Level 4.6 Conjurations


You had 5 spell levels left.
You knew the following spells:

 Your Spells              Type           Power      Damage    Failure   Level
a - Magic Dart            Conj           92%        1d7       1%          1

Your spell library contained the following spells:

 Spells                   Type           Power      Damage    Failure   Level
 Searing Ray              Conj           46%        2d6       2%          2
 Dazzling Flash           Conj/Hex       26%        N/A       14%         3
 Fulminant Prism          Conj/Hex       6%         3d7       43%         4
 Iskenderun's Mystic Bla  Conj/Tloc      13%        2d5       43%         4


Dungeon Overview and Level Annotations

Branches:
Dungeon (1/15) Zot: 5959

Altars:


Innate Abilities, Weirdness & Mutations

You are frail. (-10% HP)
Your natural rate of healing is unusually fast.
You are vulnerable to heat. (rF-)


Message History

The dart slug is moderately wounded.
You now have 5/6 mp.
Casting: Magic Dart (safe; 1% risk of failure)
Confirm with . or Enter, or press ? or * to list all spells.
Aiming: Magic Dart (safe; 1% risk of failure)
Press: ? - help, Shift-Dir - straight line, f/p - dart slug
Aim: a dart slug (moderately wounded, 100% to hit)
The magic dart hits the dart slug!
You kill the dart slug!
You now have 4/6 mp.
Found a kite shield.
Found 2 fuming blue potions.
Found a glowing grey potion.
Found a blue potion and a sling.
Found a pair of boots.
A hobgoblin comes into view.
You see here 2 fuming blue potions.
c - 2 fuming blue potions The hobgoblin shouts!
Casting: Magic Dart (safe; 1% risk of failure)
Confirm with . or Enter, or press ? or * to list all spells.
Aiming: Magic Dart (safe; 1% risk of failure)
Press: ? - help, Shift-Dir - straight line, f - hobgoblin
Aim: a hobgoblin (100% to hit)
The magic dart hits the hobgoblin.
You kill the hobgoblin!
You now have 4/6 mp.
MP restored: 6 It was a potion of mutation.
You feel extremely strange.
You feel vulnerable to heat. x2; You feel less in control of your magic.
Your thoughts seem clearer.
Unknown command.
Really quaff the potion of mutation?
You feel extremely strange.
You regain control of your magic.
You feel less vulnerable to heat.
Your thinking seems confused.
You begin to heal more quickly.
You feel frail.
You take 1 damage, and have 9/9 hp.
Unknown command.
Unknown command.
Are you sure you want to abandon this character and quit the game? (Confirm with "yes".)

.........!..##.........
............##.....)...
......##.....#.....!...
......##..............
.##............#....#
.##.......#.........#
.........#..........#
.........#.#.......##
###........#....@..#
###+##................
........##........
.........##........
!..[.............†..
............[.......
..... .........
..####+###


There were no monsters in sight!

Vanquished Creatures
  A dart slug (D:1)
  A hobgoblin (D:1)
2 creatures vanquished.

Notes
Turn   | Place    | Note
-------+----------+-------------------------------------------
     0 | D:1      | Psyclone the Deep Elf Conjurer began the quest for the Orb.
     0 | D:1      | Reached XP level 1. HP: 10/10 MP: 6/6
    38 | D:1      | Gained mutation: You are vulnerable to heat. (rF-) [potion
                  | of mutation]
    38 | D:1      | Gained mutation: You are very vulnerable to heat. (rF--)
                  | [potion of mutation]
    38 | D:1      | Gained mutation: Your spells are a little harder to cast,
                  | but a little more powerful. [potion of mutation]
    38 | D:1      | Gained mutation: You possess an exceptional clarity of
                  | mind. [potion of mutation]
    40 | D:1      | Lost mutation: Your spells are a little harder to cast, but
                  | a little more powerful. [potion of mutation]
    40 | D:1      | Lost mutation: You are very vulnerable to heat. (rF--)
                  | [potion of mutation]
    40 | D:1      | Lost mutation: You possess an exceptional clarity of mind.
                  | [potion of mutation]
    40 | D:1      | Gained mutation: Your natural rate of healing is unusually
                  | fast. [potion of mutation]
    40 | D:1      | Gained mutation: You are frail. (-10% HP) [potion of
                  | mutation]
    41 | D:1      | Quit the game

Illustrated notes

Levels and vault maps discovered:
D:1:      dpeg_arrival_stonehenge_12_columns, layout_basic, serial_shops, shop

Action                     || total
---------------------------++-------
   Cast: Magic Dart        ||     3
    Use: Potion            ||     2
